 Dungeon Crawl Stone Soup version 0.15.0-25-gd84c1e8 (webtiles) character file.

24 MackTheKnife the Grave Robber (level 3, 0/21 HPs)
             Began as an Octopode Necromancer on Sept 10, 2014.
             Slain by an adder (2 damage)
             ... on Level 2 of the Dungeon.
             The game lasted 00:01:27 (842 turns).

MackTheKnife the Grave Robber (Octopode Necromancer) Turns: 842, Time: 00:01:27

HP   0/21        AC  1     Str  7      XL: 3   Next:  2%
MP   0/6         EV 12     Int 17      God:
Gold 87          SH  0     Dex 13      Spells:  2 memorised,  4 levels left

rFire  . . .     SeeInvis .     d - +0 short sword
rCold  . . .     Clarity  .     (no shield)
rNeg   . . .     rCorr    .     (helmet restricted)
rPois  .         rRot     .     (no amulet)
rElec  .         Spirit   .     (no ring)
SustAb .         Warding  .     (no ring)
rMut   .         Stasis   .     (no ring)
Gourm  .                        (no ring)
MR     .....                    (no ring)
                                (no ring)
                                (no ring)
                                (no ring)

@: lethally poisoned, not resistant to hostile enchantments, fairly stealthy
A: almost no armour, amphibious, 8 rings, constrict 8, camouflage 1, gelatinous
body 1
a: no special abilities


You were on level 2 of the Dungeon.
You were not hungry.

You visited 1 branch of the dungeon, and saw 2 of its levels.

You collected 87 gold pieces.


Innate Abilities, Weirdness & Mutations

You cannot wear most types of armour.
You are amphibious.
You can wear up to eight rings at the same time.
You can use your tentacles to constrict many enemies at once.
Your skin changes colour to match your surroundings (Stealth).
Your rubbery body absorbs attacks (AC +1).


   Skills:
 - Level 2.0 Dodging
 - Level 2.6 Stealth
 - Level 2.0 Spellcasting
 + Level 4.9 Necromancy


You had 4 spell levels left.
You knew the following spells:

 Your Spells              Type           Power        Failure   Level  Hunger
q - Animate Skeleton      Necr           N/A          2%          1    #......
z - Pain                  Necr           ###.         2%          1    #......

Inventory:

Hand weapons
 d - a +0 short sword (weapon)
Comestibles
 c - a bread ration
 h - a chunk of bat flesh {@*1}
 i - a meat ration
Scrolls
 a - 3 scrolls of random uselessness {unknown}
 j - a scroll of identify {unknown}
 k - a scroll of amnesia {unknown}
Potions
 e - a potion of restore abilities {unknown}
 f - a potion of cure mutation
 g - a potion of confusion {unknown}
Books
 b - a book of Necromancy

   Spells                             Type                      Level
   *Pain                              Necromancy                   1
   *Animate Skeleton                  Necromancy                   1
   Vampiric Draining                  Necromancy                   3
   Regeneration                       Charms/Necromancy            3
   Animate Dead                       Necromancy                   4
   Control Undead                     Necromancy                   4

········ ··· ··▒▒▒▒▒▒
▒··▒ ▒▒▒▒▒▒ ▒··▒
▒···▒▒▒▒▒▒▒▒ ▒··▒
▒··········▒ ▒<·▒
▒···▒▒▒▒▒▒·▒▒▒▒··▒▒▒▒
▒▒·▒▒ ▒···········
▒▒▒·▒▒▒▒▒▒··▒▒▒▒%·▒▒▒
··········(·····xS··▒
····▒▒▒▒▒··▒▒▒▒··········
▒▒▒▒▒ ▒·· ▒··▒▒+▒▒··▒ ▒
▒·· ···▒▒ · ▒ ▒·····▒ ▒
▒····▒ · ▒▒··· · ·· ·


You could see an adder.


Message History

You kill the rat!
Aiming: Pain
Aim: an adder The adder convulses in agony!
Aiming: Pain
Aim: an adder (heavily wounded)
The adder convulses in agony!
The adder bites you.
You are poisoned.
The adder poisons you! The adder bites you.
Aiming: Pain
Aim: an adder (severely wounded)
The adder barely resists.
You feel sick. The adder barely misses you. The adder closely misses you.
Aiming: Pain
Aim: an adder (severely wounded)
The adder convulses in agony!
You kill the adder!
You have reached level 3!
Your experience leads to an increase in your attributes!
Increase (S)trength, (I)ntelligence, or (D)exterity?
You feel agile. The adder bites you.
* * * LOW HITPOINT WARNING * * *
You are more poisoned.
The adder poisons you!
Drink which item? (? for menu, Esc to quit)
It has a very clean taste.
It was a potion of cure mutation.
* * * LOW HITPOINT WARNING * * *
You feel sick. The adder bites you.
You die...

Action                   || total
-------------------------++-------
Melee: Unarmed           ||     8
       Short sword       ||    13
 Cast: Pain              ||    12
       Animate Skeleton  ||     1
  Use: Potion            ||     1
 Stab: Sleeping          ||     1

Vault maps used:
D:1:      dpeg_arrival_renting
D:2:      gammafunk_temple_overflow_claw, st_stairs_9, minmay_close_crescents

Notes
Turn   | Place    | Note
--------------------------------------------------------------
     0 | D:1      | MackTheKnife, the Octopode Necromancer, began the quest for the Orb.
     0 | D:1      | Reached XP level 1. HP: 11/11 MP: 3/3
   462 | D:1      | Reached XP level 2. HP: 17/17 MP: 4/4
   485 | D:1      | Learned a level 1 spell: Animate Skeleton
   841 | D:2      | Reached XP level 3. HP: 9/21 MP: 0/6
   842 | D:2      | HP: 2/21 [poisoned by an adder]
   842 | D:2      | Slain by an adder

Vanquished Creatures
  An adder (D:2)
  A goblin (D:1)
  3 hobgoblins (D:1)
  5 bats (D:1)
  2 giant newts (D:1)
  3 kobolds (D:1)
  A rat (D:2)
16 creatures vanquished.
